AoeStats
← 啊超

Arena

506425134Analyzed
3v3 RM · 18d ago on Sep 13, 2026· 55m 51s· 6 players
Game mode
Random Map
Map size
Normal (6 player)
Population
200
Speed
Normal
Resources
Standard
Victory
Conquest
Starting age
Dark Age
Ending age
Imperial Age
RankedLock teamsTeams togetherTeam positionsShared explorationLock speedFull tech treeHidden civsTurbo modeCheats
Victory
Defeat
🇷🇴 Franks · Romania
1061
+14
🇨🇳 Bohemians · China
1049
+14
🇨🇳 Italians · China
1046
+14
🇨🇱 Inca · Chile
1098
-18
🇲🇽 Burmese · Mexico
988
-13
🇨🇱 Bulgarians · Chile
944
-17
啊超
11:03 Feudal Age
15:40 Castle Age
14:21 Double-Bit Axe
31:21 Loom
34:34 Imperial Age
33:21 Gold Mining
34:06 Fletching
34:16 Padded Archer Armor
37:04 Chemistry
36:12 Stone Mining
37:28 Elite Genoese Crossbowman
39:27 Bow Saw
45:05 Bodkin Arrow
45:26 Leather Archer Armor
47:41 Bracer
48:12 Ring Archer Armor
47:55 Husbandry
48:06 Bloodlines
49:07 Forging
49:07 Scale Barding Armor
48:27 Light Cavalry
50:54 Ballistics
50:14 Hussar
53:10 Iron Casting
52:57 Chain Barding Armor
A Diet Coke Please
11:53 Feudal Age
10:52 Loom
15:37 Castle Age
14:39 Wheelbarrow
14:10 Double-Bit Axe
17:17 Bow Saw
18:28 Hand Cart
21:05 Scale Barding Armor
22:14 Pikeman
22:55 Squires
23:49 Gold Mining
24:17 Husbandry
25:34 Scale Mail Armor
26:41 Forging
35:36 #83
39:16 Imperial Age
37:36 Iron Casting
39:42 Halberdier
45:28 Chemistry
44:41 Fortified Wall
44:20 Elite Throwing Axeman
47:51 Chain Mail Armor
48:11 Stone Mining
48:57 Gold Shaft Mining
gagqayha336764
9:53 Feudal Age
16:07 Castle Age
14:08 Double-Bit Axe
14:33 Horse Collar
15:40 Loom
16:31 Wheelbarrow
17:28 Bow Saw
18:35 Heavy Plow
20:05 Fletching
26:33 Hand Cart
29:59 Wagenburg Tactics
33:41 Imperial Age
31:34 Town Watch
32:58 Scale Mail Armor
33:09 Forging
32:24 Pikeman
33:04 Squires
32:50 Arson
34:42 Sanctity
35:27 Chain Mail Armor
35:49 Iron Casting
35:25 Halberdier
37:43 Chemistry
38:05 Plate Mail Armor
39:02 Two-Man Saw
38:52 Town Patrol
41:10 Houfnice
42:56 Devotion
43:56 Bodkin Arrow
44:29 Conscription
45:39 Elite Hussite Wagon
50:33 Faith
52:32 Bracer
53:32 Blast Furnace
52:32 Padded Archer Armor
52:38 Scale Barding Armor
53:40 Redemption
56:46 Illumination
56:37 Block Printing
56:24 Atonement
56:34 Fervor
NordicPain
10:10 Feudal Age
12:45 Loom
15:36 Castle Age
13:39 Stone Mining
14:44 Horse Collar
19:44 Fletching
21:19 Ballistics
30:44 Heavy Plow
31:21 Gold Mining
32:40 Wheelbarrow
32:09 Light Cavalry
33:47 Bloodlines
34:27 Husbandry
36:07 Forging
37:24 Elite Skirmisher
39:20 Hand Cart
38:52 Town Watch
39:45 Bodkin Arrow
39:50 Padded Archer Armor
40:31 Padded Archer Armor
44:20 Imperial Age
42:33 Iron Casting
42:03 Scale Barding Armor
43:30 Gold Shaft Mining
43:30 Chain Barding Armor
45:42 Hussar
48:49 Conscription
48:33 Bracer
49:36 Chemistry
david_deivid.ortiz
10:42 Feudal Age
22:14 Castle Age
23:29 Horse Collar
23:38 Double-Bit Axe
23:50 Gold Mining
30:59 Wheelbarrow
30:26 Heavy Plow
32:41 Scale Barding Armor
33:18 Hand Cart
39:10 Forging
39:01 Scale Mail Armor
39:54 Chain Barding Armor
43:36 Imperial Age
43:07 Iron Casting
42:47 Chain Mail Armor
45:37 Blast Furnace
45:08 Plate Mail Armor
45:59 Gold Shaft Mining
45:47 Elite Konnik
47:06 Plate Barding Armor
49:04 Crop Rotation
alexitico
11:25 Feudal Age
15:20 Castle Age
13:17 Double-Bit Axe
13:57 Gold Mining
16:20 Champi Runner
17:18 Scale Mail Armor
18:13 Loom
23:57 Bow Saw
29:06 Imperial Age
31:23 Forging
33:08 Iron Casting
34:02 Wheelbarrow
36:39 Conscription
37:19 Chain Mail Armor
37:49 Squires
38:35 Hand Cart
39:04 Champi Warrior
43:22 Elite Champi Warrior
44:11 Stone Mining
Connection lost

Rejoining the realm…

Still unreachable

The connection could not be restored.

Session expired

The server has moved on; the page needs a fresh start.